 Dungeon Crawl Stone Soup version 0.25.1-11-g244df3a29b (webtiles) character file.

Game seed: 13493104908723527126

1572910 DeepDeath the Conqueror (level 27, 286/286 HPs)
             Began as a Minotaur Fighter on Jan 25, 2024.
             Was the Champion of Fedhas.
             Escaped with the Orb
             ... and 3 runes on Jan 27, 2024!
             The game lasted 08:10:57 (93954 turns).

DeepDeath the Conqueror (Minotaur Fighter)         Turns: 93954, Time: 08:10:58

Health: 286/286    AC: 40    Str: 36    XL:     27
Magic:  36/36      EV: 32    Int: 12    God:    Fedhas [******]
Gold:   564        SH:  0    Dex: 28    Spells: 26/26 levels left

rFire    + + +     SeeInvis +   d - +3 great sword (holy)
rCold    + . .     Gourm    .   (shield currently unavailable)
rNeg     + + .     Faith    .   a - +8 chain mail "Poihoil" {rElec Regen+}
rPois    +         Spirit   .   X - +2 hat "Rikyqua" {rC+ rN+ SInv}
rElec    +         Reflect  .   Q - +2 cloak {Stlth+}
rCorr    .         Harm     .   M - +0 pair of gloves "Ynidghejou" {+Blink Str+2 Dex+3}
MR       +++++                  k - +2 pair of boots {Stlth+}
Stlth    +.........             D - amulet "Luuj" {RegenMP Fragile rF+++ Slay+5 Stlth-}
HPRegen  0.97/turn              i - ring "Dimo Worph" {rPois MR+++ Str+4 Int+6}
MPRegen  0.50/turn              I - ring "Waerrerph" {rN+ Dex+6}

@: hasted (expiring), very quick
A: retaliatory headbutt, horns 2, rugged brown scales 2, yellow scales 1, agile
1, poison resistance, strong 2
0: Orb of Zot
}: 3/15 runes: barnacled, silver, gossamer
a: Wall of Briars, Grow Ballistomycete, Overgrow, Grow Oklob, Renounce Religion,
Evoke Blink


You escaped.
You worshipped Fedhas.
Fedhas was exalted by your worship.
You were full.

You visited 10 branches of the dungeon, and saw 52 of its levels.
You visited 2 bazaars.
You also visited: Gauntlet.

You collected 12771 gold pieces.
You spent 12207 gold pieces at shops.

Inventory:

Hand Weapons
 d - a +3 great sword of holy wrath (weapon)
 e - a +3 great sword of freezing
 q - the +6 shortbow of Disembowelment {flame, SInv}
   (You found it on level 8 of the Dungeon)

   It causes projectiles fired from it to burn those they strike, causing extra
   injury to most foes and up to half again as much damage against particularly
   susceptible opponents.
   It lets you see invisible.
 s - a +2 great sword of flaming
 v - a +5 vampiric triple sword
 w - a +4 vorpal double sword
Missiles
 x - 1451 arrows
 N - 12 throwing nets
 S - 60 silver javelins (quivered)
 Z - 4 curare-tipped darts
Armour
 a - the +8 chain mail "Poihoil" (worn) {rElec Regen+}
   (You bought it in a shop in a bazaar)

   It insulates you from electricity.
   It increases your rate of regeneration.
 k - a +2 pair of boots of stealth (worn)
 M - the +0 pair of gloves "Ynidghejou" (worn) {+Blink Str+2 Dex+3}
   (You bought it in a shop on level 8 of the Dungeon)

   It affects your strength (+2).
   It affects your dexterity (+3).
   It lets you blink.
 Q - a +2 cloak of stealth (worn)
 X - the +2 hat "Rikyqua" (worn) {rC+ rN+ SInv}
   (You found it on level 2 of the Vaults)

   It protects you from cold.
   It protects you from negative energy.
   It lets you see invisible.
Jewellery
 i - the ring "Dimo Worph" (left hand) {rPois MR+++ Str+4 Int+6}
   (You bought it in a shop on level 2 of the Orcish Mines)

   [ring of poison resistance]

   It affects your strength (+4).
   It affects your intelligence (+6).
   It protects you from poison.
   It affects your resistance to hostile enchantments.
 u - an uncursed ring of resist corrosion
 D - the amulet "Luuj" (around neck) {RegenMP Fragile rF+++ Slay+5 Stlth-}
   (You found it on level 2 of the Vaults)

   [amulet of magic regeneration]

   It increases your magic regeneration.
   It affects your accuracy and damage with ranged weapons and melee attacks
   (+5).
   It renders you almost immune to fire.
   It will be destroyed if unequipped.
   It makes you less stealthy.
 I - the ring "Waerrerph" (right hand) {rN+ Dex+6}
   (You acquired it on level 3 of the Realm of Zot)

   [ring of dexterity]

   It affects your dexterity (+6).
   It protects you from negative energy.
Wands
 r - a wand of clouds (17)
 z - a wand of enslavement (18)
 A - a wand of iceblast (66)
 E - a wand of acid (55)
 K - a wand of disintegration (82)
 P - a wand of paralysis (43)
 T - a wand of digging (11)
Scrolls
 j - 5 scrolls of magic mapping
 m - 16 scrolls of identify
 o - 6 scrolls of blinking
 t - 10 scrolls of fear
 H - 17 scrolls of remove curse
 O - a scroll of holy word
 R - 8 scrolls of fog
 U - a scroll of silence
 Y - 8 scrolls of teleportation
Potions
 b - 5 potions of heal wounds
 c - 14 potions of curing
 g - 5 potions of stabbing
 l - 2 potions of berserk rage
 n - a potion of might
 p - 4 potions of resistance
 C - 10 potions of flight
 J - 9 potions of mutation
 L - 7 potions of ambrosia
 V - 2 potions of cancellation
 W - 4 potions of invisibility
Miscellaneous
 y - 4 phantom mirrors
 B - 3 boxes of beasts
 F - a phial of floods
 G - a lightning rod (4/4)
Comestibles
 f - 64 rations


   Skills:
 O Level 27 Fighting
   Level 5.6(18.0) Short Blades
 + Level 26.8(27) Long Blades
 - Level 15.0 Bows
 - Level 16.0 Throwing
 - Level 23.0 Armour
 + Level 22.3 Dodging
 - Level 5.0 Stealth
   Level 3.6 Shields
 - Level 20.2 Invocations
 - Level 6.0 Evocations


You had 26 spell levels left.
You didn't know any spells.
Your spell library contained the following spells:

 Spells                   Type           Power        Failure   Level  Hunger
 Animate Skeleton         Necr           N/A          56%         1    ##.....
 Apportation              Tloc           #.....       56%         1    ##.....
 Beastly Appendage        Tmut           #.....       56%         1    ##.....
 Corona                   Hex            #......      56%         1    ##.....
 Foxfire                  Conj/Fire      #...         56%         1    ##.....
 Freeze                   Ice            #...         56%         1    ##.....
 Infusion                 Chrm           #...         56%         1    ##.....
 Magic Dart               Conj           #...         56%         1    ##.....
 Sandblast                Erth           #.....       56%         1    ##.....
 Shock                    Conj/Air       #...         56%         1    ##.....
 Sting                    Tmut/Pois      #...         56%         1    ##.....
 Summon Butterflies       Summ           #.......     56%         1    ##.....
 Summon Small Mammal      Summ           #...         56%         1    ##.....
 Blink                    Tloc           N/A          71%         2    ###....
 Call Imp                 Summ           #.......     71%         2    ###....
 Corpse Rot               Necr/Air       N/A          71%         2    ###....
 Ensorcelled Hibernation  Hex/Ice        #.....       71%         2    ###....
 Poisonous Vapours        Pois/Air       #.....       71%         2    ###....
 Searing Ray              Conj           #.....       71%         2    ###....
 Shroud of Golubria       Chrm/Tloc      #.....       71%         2    ###....
 Slow                     Hex            #.......     71%         2    ###....
 Song of Slaying          Chrm           #.......     71%         2    ###....
 Sticks to Snakes         Tmut           #.......     71%         2    ###....
 Sublimation of Blood     Necr           #.........   71%         2    ###....
 Swiftness                Chrm/Air       #.......     71%         2    ###....
 Call Canine Familiar     Summ           #.......     90%         3    ####...
 Confusing Touch          Hex            #.......     90%         3    ####...
 Conjure Flame            Conj/Fire      #.......     90%         3    ####...
 Dazzling Flash           Conj/Hex       #.....       90%         3    ####...
 Frozen Ramparts          Ice            #.....       90%         3    ####...
 Gell's Gravitas          Tloc           #.........   90%         3    ####...
 Ignite Poison            Fire/Tmut/Pois #.......     90%         3    ####...
 Inner Flame              Hex/Fire       #.......     90%         3    ####...
 Lesser Beckoning         Tloc           #.........   90%         3    ####...
 Mephitic Cloud           Conj/Pois/Air  #.......     90%         3    ####...
 Ozocubu's Armour         Chrm/Ice       #.......     90%         3    ####...
 Portal Projectile        Hex/Tloc       #.....       90%         3    ####...
 Spectral Weapon          Hex/Chrm       #.......     90%         3    ####...
 Spider Form              Tmut/Pois      #.........   90%         3    ####...
 Static Discharge         Conj/Air       #.......     90%         3    ####...
 Stone Arrow              Conj/Erth      #.....       90%         3    ####...
 Summon Guardian Golem    Hex/Summ       #.......     90%         3    ####...
 Teleport Other           Tloc           #.......     90%         3    ####...
 Airstrike                Air            #.........   100%        4    #####..
 Animate Dead             Necr           N/A          100%        4    #####..
 Cause Fear               Hex            #.........   100%        4    #####..
 Dispel Undead            Necr           #.......     100%        4    #####..
 Fulminant Prism          Conj/Hex       #.........   100%        4    #####..
 Hailstorm                Conj/Ice       #.......     100%        4    #####..
 Ice Form                 Ice/Tmut       #.......     100%        4    #####..
 Iskenderun's Mystic Bla  Conj/Tloc      #.......     100%        4    #####..
 Leda's Liquefaction      Hex/Erth       #.........   100%        4    #####..
 Petrify                  Tmut/Erth      #.......     100%        4    #####..
 Summon Ice Beast         Ice/Summ       #.......     100%        4    #####..
 Summon Lightning Spire   Summ/Air       #.......     100%        4    #####..
 Alistair's Intoxication  Tmut/Pois      #.......     100%        5    ######.
 Blade Hands              Tmut           #.........   100%        5    ######.
 Bolt of Magma            Conj/Fire/Erth #.........   100%        5    ######.
 Borgnjor's Vile Clutch   Necr/Erth      #.........   100%        5    ######.
 Irradiate                Conj/Tmut      #.........   100%        5    ######.
 Lightning Bolt           Conj/Air       #.........   100%        5    ######.
 Metabolic Englaciation   Hex/Ice        #.........   100%        5    ######.
 Silence                  Hex/Air        #.........   100%        5    ######.
 Summon Forest            Summ/Tloc      #.........   100%        5    ######.
 Summon Mana Viper        Hex/Summ       #.......     100%        5    ######.
 Yara's Violent Unravell  Hex/Tmut       #.........   100%        5    ######.
 Darkness                 Hex            #.........   100%        6    #######
 Death Channel            Necr           #.........   100%        6    #######
 Eringya's Noxious Bog    Tmut/Pois      #.........   100%        6    #######
 Freezing Cloud           Conj/Ice/Air   #.........   100%        6    #######
 Hydra Form               Tmut           #.........   100%        6    #######
 Iron Shot                Conj/Erth      #.........   100%        6    #######
 Shadow Creatures         Summ           N/A          100%        6    #######
 Simulacrum               Ice/Necr       #.........   100%        6    #######
 Statue Form              Tmut/Erth      #........    100%        6    #######
 Dragon Form              Tmut           #.........   100%        7    #######
 Haunt                    Necr/Summ      #.........   100%        7    #######
 Ring of Flames           Chrm/Fire      #.........   100%        7    #######
 Summon Hydra             Summ           #.........   100%        7    #######
 Borgnjor's Revivificati  Necr           #.........   100%        8    #######
 Death's Door             Chrm/Necr      #.........   100%        8    #######
 Discord                  Hex            #.........   100%        8    #######
 Ignition                 Fire           #.........   100%        8    #######
 Infestation              Necr           #.........   100%        8    #######
 Necromutation            Tmut/Necr      #.........   100%        8    #######
 Dragon's Call            Summ           #.........   100%        9    #######
 Shatter                  Erth           #.........   100%        9    #######
 Passage of Golubria      Tloc           Unusable     N/A         4    N/A

Dungeon Overview and Level Annotations

Branches:
Dungeon (15/15)            Temple (0/1) D:5            Lair (6/6) D:9
 Shoals (4/4) Lair:2       Spider (4/4) Lair:2        Slime (0/5) Lair:6
    Orc (2/2) D:9             Elf (3/3) Orc:2        Vaults (5/5) D:13
  Crypt (3/3) Vaults:3       Tomb (0/3) Crypt:3      Depths (5/5) D:15
    Zot (5/5) Depths:5    Gauntlet (visited)

Altars:
Ashenzari
Dithmenos
Elyvilon
Fedhas
Gozag
Hepliaklqana
Kikubaaqudgha
Makhleb
Nemelex Xobeh
Okawaru
Ru
Trog
Wu Jian
Xom
The Shining One
Beogh

Shops:
D:5 %   D:8 [   D:9 [(   D:10 ?[[   Orc:1 !:[=(   Orc:2 =(*[   Elf:3 =}=
Vaults:2 *(*!

Portals:
Hell: Depths:1 Depths:2 Depths:3 Depths:4 Depths:5
Abyss: Depths:4
Pandemonium: Depths:3 Depths:5
Ziggurat: Depths:3

Annotations:
Shoals:3 1 runed translucent door, stebl's ghost, adept TeAE
Crypt:2 3 runed translucent doors


Innate Abilities, Weirdness & Mutations

You reflexively headbutt those who attack you in melee.
You have a pair of horns on your head.
You are mostly covered in rugged brown scales. (AC +2, +5% HP)
You are partially covered in yellow scales. (AC +2)
You are agile. (Dex +2)
Your system is resistant to poisons. (rPois)
Your muscles are very strong. (Str +4)


Message History

You climb upwards.
There is a stone staircase leading down here.
Unknown command.
There is a stone staircase leading up here.
You climb upwards.
There is a stone staircase leading down here.
Unknown command.
Unknown command.
Unknown command.
There is a dry fountain here.
There is an open door here.
There is a fountain of clear blue water here.
There is a stone staircase leading up here.
You climb upwards.
There is a stone staircase leading down here.
You feel yourself speed up.
Your extra speed is starting to run out.
You see here a +0 kite shield.
There is a staircase leading out of the dungeon here.
You have escaped!

#.# ##.................## ### #.#
#......)#..#.......## ####.###.#
#......##....#..#..##
....#.##.####.....###.##.......##
##.###.#....8############..#..#..
#.## ##.................#.###.#.#
##.###......8##...#####.#..#....#
##.#.########.....# #.#....##.#
#..## ##.@.## #.#..#.###.
##.##########..[..# #.#....###.
#......)...8##...#####.#[.......
#......................##...#.##
#.#######..8##############......
#.# #.### #.#.....#####.## #.#
#.# #.#..#### #.# #.# #.#
##.......# #.## #.#######.#
#..#####.# #.#.


There were no monsters in sight!

Vanquished Creatures
  11 ancient liches
  The ghost of Heisao the Wrestler, a legendary TrBe of Trog (Zot:3)
  3 orbs of fire (Zot:5)
  Mara (Vaults:4)
  Mennas (Depths:5)
  A juggernaut (Depths:3)
  A greater mummy (Crypt:3)
  The ghost of Teduw the Impregnable, a veteran MiGl of Hepliaklqana (Crypt:2)
  Boris (twice) (Vaults:4 Depths:5)
  6 caustic shrikes
  2 Killer Klowns (Zot:5)
  Margery (Vaults:4)
  Bai Suzhen (Shoals:4)
  A caustic shrike (shapeshifter) (Vaults:5)
  Saint Roka (Vaults:3)
  11 golden dragons
  4 curse toes
  the Enchantress (Depths:3)
  A Tzitzimitl (Zot:1)
  2 electric golems (Zot:5)
  8 liches
  An Ice Fiend (Zot:1)
  Jorgrun (Shoals:1)
  14 tentacled monstrosities
  A deep elf master archer (Elf:3)
  The ghost of DeepDeath the Tortoise, an adept FoGl of Okawaru (Vaults:2)
  27 Orb Guardians
  2 deep elf blademasters (Elf:3)
  7 titans
  8 death cobs
  A kraken (Shoals:2)
  10 quicksilver dragons
  6 ancient champions
  6 sphinxes
  18 storm dragons
  10 shadow dragons
  2 revenants (Crypt:3)
  8 tengu reavers
  9 fire giants
  5 draconian monks
  An orc warlord (Orc:2)
  6 deep elf sorcerers
  4 draconian knights
  4 emperor scorpions
  4 draconian stormcallers
  A deep elf elementalist (Vaults:5)
  5 draconian scorchers
  6 ghost moths
  6 iron dragons
  21 vault wardens
  11 frost giants
  A reaper (Crypt:3)
  A curse skull (Crypt:1)
  3 draconian shifters
  2 draconian annihilators (Zot:2)
  4 spriggan defenders
  21 ironheart preservers
  5 ghouls
  A caustic shrike zombie (Crypt:2)
  30 stone giants
  6 entropy weavers
  A caustic shrike skeleton (Crypt:1)
  3 war gargoyles
  An entropy weaver (shapeshifter) (Depths:4)
  8 deep elf demonologists
  16 very ugly things
  A minotaur (Gauntlet)
  A lorocyproca (Depths:5)
  11 purple draconians
  6 vampire knights
  5 green draconians
  9 black draconians
  7 red draconians
  13 spark wasps
  9 yellow draconians
  8 deep elf annihilators
  14 white draconians
  6 eidola
  4 merfolk javelineers
  Josephine (Lair:4)
  5 mummy priests (Crypt:3)
  14 deep elf death magi
  Snorg (Lair:6)
  A crystal guardian (Vaults:3)
  19 ettins
  7 jiangshi
  11 fire dragons
  5 merfolk impalers
  14 yaktaur captains
  Harold (D:9)
  5 deep elf high priests
  16 rakshasas
  13 great orbs of eyes
  8 hydras
  14 spriggan air magi
  24 vault guards
  15 ice dragons
  Erolcha (D:10)
  6 death knights
  A catoblepas (Lair:6)
  14 centaur warriors
  An alligator snapping turtle (Shoals:4)
  A hydra (shapeshifter) (Depths:2)
  3 merfolk avatars
  Erica (D:9)
  15 ogre magi
  A satyr (Shoals:1)
  A two-headed ogre (shapeshifter) (Vaults:5)
  9 deep troll shamans
  7 tengu warriors
  4 merfolk aquamancers
  34 two-headed ogres
  3 death yaks (Lair:4)
  15 spriggan berserkers
  23 dancing weapons
  9 vampire magi
  14 deep troll earth magi
  Urug (D:12)
  6 hell knights
  Sonja (Lair:5)
  27 deep elf knights
  5 orc high priests
  A soul eater (Crypt:2)
  2 salamander mystics (Depths:2)
  3 shadow wraiths
  9 sea snakes
  26 skeletal warriors
  4 iron trolls
  2 unseen horrors (shapeshifter)
  2 ghost moth zombies (Crypt:2)
  A swamp dragon (shapeshifter) (Vaults:5)
  6 flayed ghosts
  A storm dragon skeleton (Crypt:1)
  2 obsidian statues
  44 deep trolls
  A tengu zombie (Vaults:5)
  A shadow demon (D:14)
  2 glowing orange brains
  4 unseen horrors
  3 wizards
  21 deep elf archers
  21 ironbrand convokers
  2 orange crystal statues
  11 necromancers
  9 large abominations
  9 harpies
  13 phantasmal warriors
  55 ugly things
  16 fauns
  A lindwurm (shapeshifter) (Depths:1)
  15 orc knights
  A wolf spider zombie (D:13)
  2 harpies (shapeshifter)
  A stone giant zombie (Vaults:4)
  15 orb spiders
  30 wolf spiders
  6 small abominations
  5 orc sorcerers
  13 manticores
  9 salamanders
  75 deep elf magi
  A shining eye (shapeshifter) (Vaults:5)
  2 human zombies (Vaults:2)
  9 cyclopes
  24 moths of wrath
  A frost giant skeleton (Crypt:1)
  An iron dragon skeleton (Crypt:1)
  A fire giant zombie (Crypt:1)
  13 merfolk sirens
  A guardian serpent (shapeshifter) (Depths:2)
  2 black mambas (shapeshifter)
  13 elephants
  A dire elephant zombie (Crypt:2)
  3 black mambas
  Joseph (D:9)
  2 torpor snails
  5 water nymphs
  4 smoke demons
  2 fire giant skeletons (Vaults:5)
  10 vault sentinels
  A torpor snail (shapeshifter) (Vaults:5)
  A gargoyle (D:13)
  A pale draconian zombie (Crypt:3)
  6 kobold demonologists
  16 freezing wraiths
  31 spiny frogs
  10 komodo dragons
  8 rime drakes
  79 yaktaurs
  A swamp worm zombie (Crypt:1)
  2 efreet
  8 demonic crawlers
  A yaktaur (shapeshifter) (Depths:3)
  A queen bee (shapeshifter) (D:15)
  4 tengu conjurers
  2 hellwings (D:9)
  32 jumping spiders
  A troll (shapeshifter) (Vaults:3)
  10 trolls
  An anaconda simulacrum (Crypt:2)
  25 merfolk
  39 guardian mummies (Crypt:3)
  2 meliai (shapeshifter)
  A hydra zombie (Crypt:1)
  15 hornets
  3 meliai (Spider:1)
  2 red devils (Depths:1)
  10 snapping turtles
  8 wind drakes
  A wolf spider simulacrum (Crypt:2)
  A hydra skeleton (Crypt:2)
  A queen bee (Spider:1)
  A merfolk (shapeshifter) (Vaults:5)
  4 tyrant leeches (Lair:6)
  18 slime creatures
  13 dream sheep
  12 hippogriffs
  A slime creature (shapeshifter) (Vaults:5)
  A bog body (Crypt:3)
  18 blink frogs
  17 flying skulls
  15 wraiths
  2 air elementals
  A centaur simulacrum (D:14)
  2 spriggans
  25 tarantellas
  31 water elementals
  92 redbacks
  4 shadows
  3 wyverns
  2 dire elephant simulacra
  7 ushabtiu (Crypt:3)
  10 fire bats
  2 vampires
  54 yaks
  2 hogs (shapeshifter)
  A hog (D:7)
  21 humans
  A tyrant leech zombie (Crypt:3)
  2 steam dragons (Shoals:4)
  6 fire elementals
  A golden eye (shapeshifter) (Vaults:3)
  A yak (shapeshifter) (Vaults:3)
  2 hungry ghosts
  2 humans (shapeshifter)
  Grum (D:11)
  2 basilisks (Lair:3)
  2 chaos spawn (Depths:4)
  9 vampire mosquitoes
  A naga (shapeshifter) (Vaults:5)
  A water moccasin (shapeshifter) (Vaults:1)
  8 wargs
  Duvessa (D:7)
  4 acid dragons
  A spiny frog zombie (Crypt:2)
  12 water moccasins
  2 deep troll skeletons
  A hell hound (Gauntlet)
  15 porcupines
  62 orc warriors
  A soldier ant (D:15)
  A merfolk skeleton (Crypt:2)
  A monstrous demonspawn skeleton (Crypt:3)
  3 ice beasts
  A snapping turtle zombie (Crypt:3)
  A gelid demonspawn skeleton (Crypt:2)
  4 necrophages
  An orc zombie (Vaults:2)
  An ettin simulacrum (Vaults:4)
  4 sky beasts
  A black bear (shapeshifter) (Depths:2)
  4 phantoms
  A black bear (D:10)
  30 boggarts
  A dream sheep skeleton (Crypt:1)
  15 wolves
  40 ogres
  A human skeleton (Vaults:2)
  23 centaurs
  An elf simulacrum (Vaults:5)
  15 crocodiles
  5 big kobolds
  A wyvern zombie (D:12)
  2 draconian zombies
  A fire crab zombie (Crypt:1)
  20 bullfrogs
  Dowan (D:7)
  5 earth elementals
  2 human simulacra
  A draconian skeleton (Crypt:2)
  A komodo dragon skeleton (Crypt:3)
  A water moccasin skeleton (D:10)
  2 scorpions
  A killer bee (shapeshifter) (Vaults:4)
  33 killer bees
  11 wights
  A yak skeleton (Crypt:3)
  3 howler monkeys
  9 electric eels
  9 crimson imps
  A lava snake (D:12)
  4 centaur zombies
  4 jellies
  A wolf skeleton (Crypt:3)
  2 bullfrog zombies
  6 hounds
  3 quasits
  28 orc priests
  5 bullfrog skeletons
  5 centaur skeletons
  An iron imp (Depths:2)
  Jessica (D:3)
  3 iguanas
  37 orc wizards
  8 worker ants
  A killer bee zombie (Crypt:1)
  A hound zombie (D:7)
  A hound skeleton (D:11)
  3 mummies (Crypt:3)
  A howler monkey skeleton (D:11)
  A howler monkey zombie (D:6)
  A worker ant zombie (D:6)
  Robin (D:3)
  7 gnolls
  18 adders
  An adder (shapeshifter) (Vaults:5)
  A river rat (shapeshifter) (D:14)
  3 shadow imps
  An adder skeleton (D:6)
  2 adder zombies (D:8)
  3 worms
  4 dart slugs
  5 leopard geckos
  118 orcs
  2 ball pythons
  4 giant cockroaches
  10 hobgoblins
  7 jackals
  4 quokkas
  58 bats
  7 frilled lizards
  12 goblins
  26 kobolds
  A leopard gecko zombie (Crypt:2)
  8 rats
  3 ballistomycete spores
  11 crawling corpses
  A fire vortex (Depths:2)
  3 tentacles (Shoals:2)
2899 creatures vanquished.

Vanquished Creatures (collateral kills)
  An ancient lich (Vaults:2)
  A caustic shrike (Depths:3)
  A deep elf master archer (Elf:3)
  A deep elf sorcerer (Elf:3)
  A draconian shifter (Zot:5)
  2 ironheart preservers
  A deep elf annihilator (Elf:3)
  A spark wasp (Spider:4)
  An eidolon (Crypt:2)
  A fire dragon (Depths:5)
  A merfolk impaler (Shoals:4)
  8 vault guards
  3 dancing weapons
  A merfolk aquamancer (Shoals:4)
  A spriggan berserker (Depths:3)
  A sea snake (Shoals:2)
  4 harpies
  2 wolf spiders (Spider:4)
  7 deep elf magi
  A moth of wrath (Zot:5)
  A water nymph (Shoals:4)
  A komodo dragon (Lair:4)
  A yaktaur (Vaults:4)
  A jumping spider (Spider:4)
  2 merfolk (Shoals:4)
  2 hornets (Spider:4)
  A hippogriff (Lair:2)
  2 tarantellas (Spider:4)
  2 redbacks
  A water elemental (Shoals:4)
  A yak (Lair:6)
  2 spriggans (Depths:3)
  6 fire bats (D:9)
  A shadow (Gauntlet)
  3 hogs (D:7)
  A porcupine (Lair:2)
  3 orc warriors
  A black bear (D:9)
  A wolf (Lair:1)
  A bullfrog (Lair:6)
  A killer bee (D:9)
  7 orcs
  14 bats (D:9)
  183 ballistomycete spores
  A crawling corpse (Elf:3)
280 creatures vanquished.

Vanquished Creatures (others)
  A quicksilver dragon (Zot:5)
  A tengu reaver (Vaults:5)
  An ironheart preserver (Vaults:5)
  A mummy priest (Crypt:3)
  A merfolk impaler (Shoals:4)
  A vault guard (Vaults:5)
  An ice dragon (Vaults:2)
  2 harpies (Vaults:5)
  A deep elf mage (Elf:1)
  A tengu conjurer (Depths:3)
  A blink frog (Lair:6)
  2 redbacks
  A spriggan (Depths:3)
  An ogre (Vaults:2)
  2 boggarts
  19 ballistomycete spores
  2 bushes (Elf:2)
  2 crawling corpses
  25 fungi
  70 plants
  10 tentacles (Shoals:2)
  16 withered plants
162 creatures vanquished.

Grand Total: 3341 creatures vanquished

Notes
Turn   | Place    | Note
-------+----------+-------------------------------------------
     0 | D:1      | DeepDeath the Minotaur Fighter began the quest for the Orb.
     0 | D:1      | Reached XP level 1. HP: 19/19 MP: 0/0
   118 | D:1      | Reached XP level 2. HP: 20/27 MP: 1/1
   220 | D:1      | You fall into a shaft and drop 1 floor!
   246 | D:2      | Reached skill level 4 in Fighting
   253 | D:2      | Reached XP level 3. HP: 15/33 MP: 2/2
   256 | D:2      | HP: 1/33 [gnoll/+0 halberd (6)]
   665 | D:2      | Reached skill level 5 in Long Blades
   665 | D:2      | Reached XP level 4. HP: 40/40 MP: 3/3
  1498 | D:2      | Found an ancient bone altar of Kikubaaqudgha.
  1503 | D:2      | Found a blossoming altar of Fedhas.
  1617 | D:2      | Became a worshipper of Fedhas Madash
  1699 | D:3      | Reached XP level 5. HP: 42/46 MP: 4/4
  1837 | D:3      | Noticed Robin
  1860 | D:3      | Reached * piety under Fedhas
  1860 | D:3      | Reached skill level 1 in Invocations
  1867 | D:3      | Killed Robin
  1984 | D:3      | Noticed Jessica
  2000 | D:3      | Killed Jessica
  2074 | D:3      | Found a sparkling altar of Nemelex Xobeh.
  2323 | D:3      | Reached XP level 6. HP: 36/52 MP: 5/5
  2368 | D:3      | Found an iron altar of Okawaru.
  2493 | D:3      | Found a white marble altar of Elyvilon.
  2496 | D:3      | Found a shattered altar of Ashenzari.
  2499 | D:3      | Found an ornate altar of the Wu Jian Council.
  2554 | D:4      | Found a sacrificial altar of Ru.
  2614 | D:4      | Reached ** piety under Fedhas
  3169 | D:4      | You fall into a shaft and drop 3 floors!
  3169 | D:7      | Noticed Duvessa
  3170 | D:7      | Noticed Dowan
  3175 | D:7      | Killed Duvessa
  3175 | D:7      | Reached skill level 1 in Throwing
  3175 | D:7      | Reached XP level 7. HP: 59/59 MP: 5/7
  3179 | D:7      | Killed Dowan
  3241 | D:7      | Noticed a hog
  3241 | D:7      | Noticed a human
  3241 | D:7      | Noticed a hog
  3241 | D:7      | Noticed a hog
  3242 | D:7      | Noticed a hog
  3254 | D:7      | Killed a hog
  3267 | D:7      | Killed a hog
  3270 | D:7      | Killed a hog
  3271 | D:7      | Killed a hog
  3271 | D:7      | Reached skill level 5 in Fighting
  3271 | D:7      | Reached skill level 5 in Armour
  3271 | D:7      | Reached XP level 8. HP: 29/68 MP: 3/8
  3565 | D:7      | Reached skill level 10 in Long Blades
  3750 | D:7      | Reached skill level 6 in Fighting
  4418 | D:6      | Reached *** piety under Fedhas
  4585 | D:6      | Reached skill level 1 in Evocations
  4635 | D:6      | Found an opulent altar of Gozag.
  5234 | D:5      | Entered Level 5 of the Dungeon
  5238 | D:6      | Reached XP level 9. HP: 70/75 MP: 11/11
  5386 | D:4      | Found a bloodstained altar of Trog.
  5440 | D:5      | Found a staircase to the Ecumenical Temple.
  5563 | D:5      | Found a sparkling altar of Nemelex Xobeh.
  5607 | D:5      | Found a shimmering altar of Xom.
  5608 | D:5      | Found a burning altar of Makhleb.
  5759 | D:5      | Found Ajunul's Food Shoppe.
  6120 | D:8      | Reached skill level 5 in Invocations
  6261 | D:8      | Found a hazy altar of Hepliaklqana.
  6353 | D:8      | Reached **** piety under Fedhas
  6356 | D:8      | Got a smoking shortbow
  6833 | D:8      | Found Xis Qufa's Armour Boutique.
  7045 | D:8      | Bought the cursed +0 pair of gloves "Ynidghejou" {+Blink
                  | Str+2 Dex+3} for 312 gold pieces
  7075 | D:9      | Found Pipev's Weapon Shop.
  7075 | D:9      | Found a staircase to the Orcish Mines.
  7122 | D:9      | Noticed Erica
  7143 | D:9      | Killed Erica
  7143 | D:9      | Reached skill level 7 in Fighting
  7143 | D:9      | Reached skill level 1 in Dodging
  7143 | D:9      | Reached XP level 10. HP: 78/86 MP: 13/13
  7243 | D:9      | Found a staircase to the Lair.
  7301 | D:9      | Found Qeusucask's Armour Shop.
  7366 | D:9      | Noticed a two-headed ogre
  7386 | D:9      | Killed a two-headed ogre
  7472 | D:9      | Noticed Joseph
  7490 | D:9      | Killed Joseph
  7490 | D:9      | Reached skill level 8 in Fighting
  8195 | D:9      | Reached XP level 11. HP: 87/95 MP: 15/15
  8197 | D:9      | Found an iron altar of Okawaru.
  8501 | D:9      | Found a glowing golden altar of the Shining One.
  8508 | D:9      | Found a shimmering altar of Xom.
  8526 | D:9      | Found a runed translucent door.
  8566 | D:9      | Noticed a flayed ghost
  8570 | D:9      | Found a sacrificial altar of Ru.
  8585 | D:9      | Found an ornate altar of the Wu Jian Council.
  8592 | D:9      | Noticed Harold
  8618 | D:9      | Killed Harold
  8618 | D:9      | Reached skill level 9 in Fighting
  8691 | D:9      | Found a shimmering altar of Xom.
  8847 | D:9      | Bought a +2 chain mail of poison resistance for 277 gold
                  | pieces
  8912 | D:10     | Entered Level 10 of the Dungeon
  9162 | D:10     | Found an ornate altar of the Wu Jian Council.
  9483 | D:10     | Got a brightly glowing chain mail
  9583 | D:10     | Found Sathreoj's Antique Armour Shop.
  9617 | D:10     | Reached ***** piety under Fedhas
  9765 | D:10     | Found Giregroc's Magic Scroll Shop.
  9784 | D:10     | Noticed Erolcha
  9807 | D:10     | Killed Erolcha
  9807 | D:10     | Reached skill level 10 in Armour
  9807 | D:10     | Reached skill level 5 in Dodging
  9866 | D:10     | Bought a scroll of fog for 30 gold pieces
  9866 | D:10     | Bought a scroll of teleportation for 45 gold pieces
  9866 | D:10     | Bought a scroll of identify for 30 gold pieces
  9866 | D:10     | Identified the +1 chain mail "Dowiawn" {rC+ Str+2 Int+2}
                  | (You found it on level 10 of the Dungeon)
 10034 | D:10     | Found Juburen's Armour Boutique.
 10254 | Lair:1   | Entered Level 1 of the Lair of Beasts
 10433 | Lair:1   | Reached XP level 12. HP: 103/106 MP: 17/17
 10531 | Lair:1   | Reached skill level 10 in Fighting
 10537 | Lair:1   | Noticed a five-headed hydra
 10567 | Lair:1   | Killed a three-headed hydra
 10848 | Lair:1   | Got a faintly humming leather armour
 11232 | Lair:1   | Identified the +1 leather armour "Tuelaafa" {rPois Str+4}
                  | (You found it on level 1 of the Lair of Beasts)
 11616 | Lair:2   | Reached skill level 10 in Invocations
 12010 | Lair:2   | Found a hole to the Spider Nest.
 12507 | Lair:2   | Found a staircase to the Shoals.
 12785 | Lair:3   | Noticed a five-headed hydra
 12794 | Lair:3   | Killed a two-headed hydra
 12823 | Lair:3   | Reached skill level 1 in Short Blades
 12866 | Lair:3   | Reached XP level 13. HP: 86/114 MP: 19/19
 13664 | Lair:3   | Reached skill level 11 in Fighting
 13672 | Lair:3   | You fall into a shaft and drop 1 floor!
 14377 | Lair:4   | Noticed Josephine
 14445 | Lair:4   | Reached skill level 5 in Throwing
 14475 | Lair:4   | Killed Josephine
 15297 | Lair:5   | Reached skill level 5 in Short Blades
 15517 | Lair:5   | Noticed Sonja
 15523 | Lair:5   | Killed Sonja
 15762 | Lair:5   | Identified the +6 shortbow of Disembowelment {flame, SInv}
                  | (You found it on level 8 of the Dungeon)
 15946 | D:10     | Bought a glowing scarf for 280 gold pieces
 15971 | D:10     | Bought a glowing chain mail for 262 gold pieces
 16063 | Orc:1    | Entered Level 1 of the Orcish Mines
 16063 | Orc:1    | Found Gemanum's Antique Armour Shop.
 16063 | Orc:1    | Found Plog's Distillery.
 16063 | Orc:1    | Found Dafaecw's Book Emporium.
 16295 | Orc:1    | Reached skill level 1 in Bows
 16422 | Orc:1    | Found Pevvuan's Jewellery Shop.
 16557 | Orc:1    | Reached XP level 14. HP: 125/125 MP: 21/21
 16687 | Orc:1    | Found Ypeohial's Weapon Emporium.
 16721 | Orc:1    | Bought a throwing net for 36 gold pieces
 16849 | Orc:1    | Bought a pair of glowing boots for 232 gold pieces
 16868 | Orc:2    | Entered Level 2 of the Orcish Mines
 16868 | Orc:2    | Found a roughly hewn altar of Beogh.
 16910 | Orc:2    | Found a gate leading to a gauntlet.
 16979 | Gauntlet | Entered a Gauntlet
 16979 | Gauntlet | Found a transporter.
 16979 | Gauntlet | Found a transporter.
 16983 | Gauntlet | Found a transporter.
 16992 | Gauntlet | Found a transporter.
 17016 | Gauntlet | Found a transporter.
 17020 | Gauntlet | Found a transporter.
 17023 | Gauntlet | Found a transporter.
 17024 | Gauntlet | Found a transporter.
 17033 | Gauntlet | Found a transporter.
 17062 | Gauntlet | Found a transporter.
 17073 | Gauntlet | Found a transporter.
 17082 | Gauntlet | Found a transporter.
 17121 | Gauntlet | Found a transporter.
 17138 | Gauntlet | Found a transporter.
 17258 | Gauntlet | Found a transporter.
 17278 | Gauntlet | Found a transporter.
 17382 | Gauntlet | Reached skill level 12 in Fighting
 17436 | Gauntlet | Got a translucent marble ring
 17440 | Gauntlet | Got a translucent mace
 17513 | Gauntlet | Identified the ring of Fixation {Fire Int+2} (You found it
                  | in a Gauntlet)
 17602 | Gauntlet | Reached skill level 1 in Stealth
 18165 | Orc:1    | Bought the ring "Donaxoir" {rN+ SInv} for 499 gold pieces
 18445 | Orc:2    | Found a staircase to the Elven Halls.
 18458 | Orc:2    | Paralysed by an orc sorcerer for 4 turns
 18906 | Orc:2    | Reached skill level 5 in Bows
 19236 | Orc:2    | Noticed an orc warlord
 19264 | Orc:2    | Killed an orc warlord
 19570 | Orc:2    | Found Xaclis's Antique Armour Emporium.
 19571 | Orc:2    | Found Fusofyupp's Antique Weapon Emporium.
 19572 | Orc:2    | Found Rebir's General Store.
 19572 | Orc:2    | Found Vitie's Jewellery Shoppe.
 19576 | Orc:2    | Bought a scroll of identify for 22 gold pieces
 19684 | Orc:1    | Bought a potion of berserk rage for 85 gold pieces
 20562 | D:11     | Noticed Grum
 20576 | D:11     | Killed Grum
 20959 | D:12     | Noticed Urug
 20983 | D:12     | Killed Urug
 21336 | D:12     | Reached skill level 13 in Fighting
 21571 | D:12     | Got a distressingly furry cloak
 21582 | D:12     | Identified the Collected Works on Torrid Intoxication
 21722 | D:12     | Identified the +1 cloak of the Flute {-Tele Harm rN+++
                  | Regen+} (You found it on level 12 of the Dungeon)
 21960 | D:12     | Reached XP level 15. HP: 135/135 MP: 23/23
 22411 | Lair:6   | Entered Level 6 of the Lair of Beasts
 22613 | Lair:6   | Found a staircase to the Slime Pits.
 22614 | Lair:6   | Noticed Snorg
 22629 | Lair:6   | Killed Snorg
 22666 | Lair:6   | Reached skill level 10 in Dodging
 22986 | Lair:6   | Reached skill level 14 in Fighting
 23456 | Lair:6   | Reached ****** piety under Fedhas
 23873 | Lair:6   | Got a glimmering hand crossbow
 25055 | D:13     | Identified the +8 demon trident of Leluxit {freeze, +Rage
                  | rC+ rN+ Dex+2}
 25074 | D:13     | Reached skill level 10 in Bows
 25325 | D:13     | Found a gate to the Vaults.
 25898 | Orc:2    | Bought the ring "Dimo Worph" {rPois MR+++ Str+4 Int+6} for
                  | 651 gold pieces
 25968 | Orc:1    | Bought a potion of heal wounds for 85 gold pieces
 26092 | D:14     | Reached skill level 15 in Fighting
 26146 | D:14     | Found a shimmering altar of Xom.
 26746 | D:14     | You fall into a shaft and drop 1 floor!
 26746 | D:15     | Entered Level 15 of the Dungeon
 26940 | D:15     | Reached XP level 16. HP: 47/149 MP: 24/24
 27516 | D:14     | Noticed a storm dragon
 27595 | D:14     | Found a runed translucent door.
 28222 | D:15     | Found a staircase to the Depths.
 28509 | D:15     | Found a shadowy altar of Dithmenos.
 28796 | D:9      | Got a translucent long sword
 28894 | Lair:2   | Identified the +9 long sword of Wacedwes {venom, MR+ MP+9
                  | Int+5 Stlth-} (You found it on level 9 of the Dungeon)
 28934 | Lair:2   | Gained mutation: You are partially covered in yellow
                  | scales. (AC +2) [potion of mutation]
 28934 | Lair:2   | Gained mutation: You are partially covered in rugged brown
                  | scales. (AC +1, +3% HP) [potion of mutation]
 28934 | Lair:2   | Gained mutation: Your flesh is cold resistant. (rC+)
                  | [potion of mutation]
 28934 | Lair:2   | Gained mutation: You are mostly covered in rugged brown
                  | scales. (AC +2, +5% HP) [potion of mutation]
 28972 | Shoals:1 | Entered Level 1 of the Shoals
 29331 | Shoals:1 | Noticed Jorgrun
 29343 | Shoals:1 | Killed Jorgrun
 29343 | Shoals:1 | Reached skill level 16 in Fighting
 30051 | Shoals:2 | Noticed a kraken
 30080 | Shoals:2 | Killed a kraken
 31087 | Shoals:3 | Reached skill level 17 in Fighting
 31588 | Shoals:3 | Found a runed translucent door.
 31590 | Shoals:3 | Noticed stebl's ghost (adept TeAE)
 32544 | Orc:2    | Bought a translucent scale mail for 306 gold pieces
 32544 | Orc:2    | Identified the cursed +1 scale mail of the Pink Corner
                  | {Int-3 Dex+6 SInv} (You bought it in a shop on level 2 of
                  | the Orcish Mines)
 32606 | Orc:1    | Bought a crude chain mail for 294 gold pieces
 32607 | Orc:1    | Identified the +7 chain mail "Mupywyts" {*Contam MR++
                  | Dex+6} (You bought it in a shop on level 1 of the Orcish
                  | Mines)
 32799 | Shoals:4 | Entered Level 4 of the Shoals
 33101 | Shoals:4 | Reached skill level 18 in Fighting
 33102 | Shoals:4 | Reached XP level 17. HP: 132/171 MP: 20/25
 33836 | Shoals:4 | Got a barnacled rune of Zot
 33884 | Shoals:4 | Reached skill level 15 in Long Blades
 34281 | Shoals:4 | Noticed Bai Suzhen
 34563 | Shoals:4 | Identified the +7 broad axe "Zaeph" {drain, rPois MP+9
                  | Int+2}
 35458 | Shoals:4 | Killed Bai Suzhen
 36414 | Spider:1 | Entered Level 1 of the Spider Nest
 36484 | Spider:1 | Reached skill level 19 in Fighting
 39272 | Spider:3 | Reached XP level 18. HP: 179/184 MP: 26/26
 40116 | Orc:1    | Bought an embroidered scarf for 248 gold pieces
 40136 | Orc:1    | Bought a bloodstained scale mail for 279 gold pieces
 40137 | Orc:1    | Identified the cursed +0 scale mail of the Sunfish {Regen+
                  | Str-5 Int+5} (You bought it in a shop on level 1 of the
                  | Orcish Mines)
 40328 | Spider:4 | Entered Level 4 of the Spider Nest
 41389 | Lair:2   | Identified a scroll of acquirement
 41389 | Lair:2   | Acquired 700 gold pieces
 41616 | Orc:2    | Bought a runed chain mail for 255 gold pieces
 41755 | D:10     | Bought a glowing scarf for 280 gold pieces
 41806 | D:10     | Bought a scroll of magic mapping for 52 gold pieces
 43070 | Spider:4 | Reached skill level 20 in Fighting
 43130 | Spider:4 | Got a gossamer rune of Zot
 43613 | Vaults:1 | Entered Level 1 of the Vaults
 44912 | Vaults:1 | Found a gateway to a bazaar.
 45507 | Vaults:1 | Acquired the ring "Voited" {rF+ MR+ MP+9}
 45508 | Vaults:1 | Acquired a +2 triple sword of draining
 45509 | Vaults:1 | Acquired a +3 double sword of holy wrath
 45622 | Vaults:2 | Reached XP level 19. HP: 117/196 MP: 28/28
 45957 | Vaults:2 | Reached skill level 15 in Armour
 46091 | Vaults:2 | Found Poynol's Distillery.
 46258 | Vaults:2 | Bought a potion of heal wounds for 70 gold pieces
 46316 | Vaults:2 | You fall into a shaft and drop 1 floor!
 46329 | Vaults:3 | Found a gateway to a bazaar.
 46395 | Vaults:3 | Reached skill level 21 in Fighting
 46461 | Vaults:3 | Reached skill level 15 in Invocations
 47466 | Vaults:2 | Found a runed translucent gate.
 47468 | Vaults:2 | Found a runed translucent gate.
 47468 | Vaults:2 | Found a runed translucent gate.
 47472 | Vaults:2 | Found an ancient bone altar of Kikubaaqudgha.
 47472 | Vaults:2 | Noticed a lich
 47472 | Vaults:2 | Noticed an ancient lich
 47472 | Vaults:2 | Noticed an ancient lich
 47472 | Vaults:2 | Noticed an ancient lich
 47833 | Vaults:2 | Noticed DeepDeath's ghost (adept FoGl)
 47922 | Vaults:2 | Found Gozag's Assorted Antiques.
 48027 | Vaults:2 | Found an opulent altar of Gozag.
 48029 | Vaults:2 | Found Gozag's Assorted Antiques.
 48050 | Vaults:2 | Found Gozag's Antique Weapon Boutique.
 49487 | Vaults:3 | Found a staircase to the Crypt.
 49795 | Vaults:3 | Reached XP level 20. HP: 167/207 MP: 30/30
 50713 | Vaults:3 | Reached skill level 22 in Fighting
 50856 | Vaults:3 | Noticed Saint Roka
 50884 | Vaults:3 | Killed Saint Roka
 52372 | Bazaar   | Entered a bazaar
 52385 | Bazaar   | Found Nuesieso's Gadget Emporium.
 52385 | Bazaar   | Found Bakof's Antique Armour Emporium.
 52421 | Bazaar   | Found Teast's Weapon Shoppe.
 52421 | Bazaar   | Found Pinyuzucw's Armour Shoppe.
 52439 | Bazaar   | Bought the +8 chain mail "Poihoil" {rElec Regen+} for 468
                  | gold pieces
 52460 | Bazaar   | Bought a runed chain mail for 172 gold pieces
 52460 | Bazaar   | Bought a glowing chain mail for 172 gold pieces
 52460 | Bazaar   | Bought a pair of embroidered gloves for 172 gold pieces
 52460 | Bazaar   | Bought a pair of runed gloves for 172 gold pieces
 52483 | Bazaar   | Bought the +16 plate armour of Birdsong {*Contam rF- rC+++
                  | Dex+8} for 1053 gold pieces
 53306 | Vaults:4 | Noticed Margery
 53306 | Vaults:4 | Noticed Mara
 53329 | Vaults:4 | Killed Margery
 53331 | Vaults:4 | Noticed DeepDeath's illusion
 53474 | Vaults:4 | Noticed DeepDeath's illusion
 53486 | Vaults:4 | Killed Mara
 53486 | Vaults:4 | Reached skill level 5 in Evocations
 53907 | Vaults:4 | Noticed Boris
 53936 | Vaults:4 | Killed Boris
 54437 | Vaults:4 | Reached skill level 10 in Throwing
 55121 | Vaults:4 | Reached XP level 21. HP: 190/219 MP: 32/32
 55309 | Vaults:4 | Found the +6 arbalest "Damnation" {damnation}
 56019 | Elf:1    | Entered Level 1 of the Elven Halls
 56959 | Elf:1    | Identified the Catalogue of Triumph
 57127 | Elf:1    | Reached skill level 23 in Fighting
 57888 | Elf:2    | Found a runed translucent gate.
 57890 | Elf:2    | Found a runed translucent gate.
 57891 | Elf:2    | Found a runed translucent gate.
 59520 | Vaults:2 | Killed an ancient lich
 59525 | Vaults:2 | Killed an ancient lich
 59543 | Vaults:2 | Killed an ancient lich
 59553 | Vaults:2 | Killed DeepDeath's ghost
 59565 | Vaults:2 | Got a crude bronze amulet
 59570 | Vaults:2 | Got a brightly glowing hat
 59573 | Vaults:2 | Identified Kikubaaqudgha's Compendium of Necromancy
 59580 | Vaults:2 | Identified the +2 hat "Rikyqua" {rC+ rN+ SInv} (You found
                  | it on level 2 of the Vaults)
 59589 | Vaults:2 | Identified the amulet "Luuj" {RegenMP Fragile rF+++ Slay+5
                  | Stlth-} (You found it on level 2 of the Vaults)
 59895 | Elf:3    | Entered Level 3 of the Elven Halls
 61132 | Elf:3    | Reached XP level 22. HP: 231/231 MP: 33/33
 61215 | Elf:3    | Found Jyigoy's Jewellery Emporium.
 61215 | Elf:3    | Found Nupruelu's Gadget Shop.
 61216 | Elf:3    | Found Rolank's Jewellery Emporium.
 61715 | Elf:3    | Found the +3 crown of Dyrovepreva {rElec Int+2 SInv}
 61760 | Elf:3    | Identified the cursed +1 halberd "Uzaney" {drain, rN+}
 61828 | Elf:3    | Identified the +8 plate armour "Ileugi Hebi" {*Drain rF++
                  | Str+3 SInv}
 61937 | Elf:3    | Identified the Catalogue of Shifting Malediction
 62113 | Elf:3    | Identified the +7 arbalest of War {penet, Str+4 Dex+4} (You
                  | found it on level 3 of the Elven Halls)
 63026 | Depths:1 | Entered Level 1 of the Depths
 64110 | Depths:1 | Found a gateway to Hell.
 64376 | Depths:2 | Reached skill level 24 in Fighting
 64712 | Depths:2 | Noticed a golden dragon
 64723 | Depths:2 | Killed a golden dragon
 65008 | Depths:2 | Noticed a caustic shrike
 65025 | Depths:2 | Killed a caustic shrike
 65883 | Depths:2 | Reached XP level 23. HP: 243/243 MP: 34/34
 65911 | Depths:2 | Reached skill level 25 in Fighting
 66014 | Depths:2 | Got a scintillating platinum ring
 66026 | Depths:2 | Identified the ring of the Morning {+Fly rElec rF- MR+
                  | Int+3 Dex+3} (You found it on level 2 of the Depths)
 67364 | Depths:3 | Found a gateway to a ziggurat.
 68426 | Depths:3 | Found a one-way gate leading to the halls of Pandemonium.
 69299 | Depths:3 | Identified the +7 falchion of Callousness {vorpal, Str+4}
 69332 | Depths:3 | Noticed a caustic shrike
 69339 | Depths:3 | Killed a caustic shrike
 69342 | Depths:3 | Noticed a juggernaut
 69356 | Depths:3 | Killed a juggernaut
 69356 | Depths:3 | Reached skill level 26 in Fighting
 69360 | Depths:3 | Noticed the Enchantress
 69368 | Depths:3 | Noticed a caustic shrike
 69378 | Depths:3 | Killed a caustic shrike
 69436 | Depths:3 | Killed the Enchantress
 69662 | Depths:3 | Identified the Collected Works on the Shifting Rocks
 70729 | Depths:4 | Reached XP level 24. HP: 198/257 MP: 34/34
 71023 | Depths:4 | Identified the ring of Roefen {Ice rPois SInv}
 71272 | Depths:4 | Identified the +8 morningstar of Winter {vorpal, rPois MR+
                  | Int+4 Stlth+}
 71809 | Depths:4 | Found a one-way gate to the infinite horrors of the Abyss.
 72790 | Depths:5 | Entered Level 5 of the Depths
 73049 | Depths:5 | Noticed Boris
 73067 | Depths:5 | Killed Boris
 73068 | Depths:5 | Noticed Mennas
 73087 | Depths:5 | Killed Mennas
 73087 | Depths:5 | Reached skill level 27 in Fighting
 73182 | Depths:5 | Found a gate to the Realm of Zot.
 73245 | Depths:5 | Reached XP level 25. HP: 211/269 MP: 27/34
 73440 | Depths:5 | Reached skill level 15 in Dodging
 74602 | Bazaar   | Entered a bazaar
 74606 | Bazaar   | Found Gainwiz's General Store.
 74612 | Bazaar   | Bought a potion of heal wounds for 50 gold pieces
 74612 | Bazaar   | Bought 2 potions of curing for 60 gold pieces
 74624 | Bazaar   | Found Gidwiem's Antique Weapon Emporium.
 74641 | Bazaar   | Found Maqus's Gadget Boutique.
 74658 | Bazaar   | Found Juageun's General Store.
 74663 | Bazaar   | Bought a potion of invisibility for 152 gold pieces
 74680 | Bazaar   | Bought a scroll of identify for 20 gold pieces
 74680 | Bazaar   | Bought a scroll of identify for 20 gold pieces
 74695 | Bazaar   | Bought a glowing great sword for 190 gold pieces
 74710 | Bazaar   | Bought a phantom mirror for 510 gold pieces
 75077 | Orc:2    | Bought a pair of embroidered gloves for 255 gold pieces
 75161 | Orc:1    | Bought a potion of might for 68 gold pieces
 75161 | Orc:1    | Bought a potion of haste for 170 gold pieces
 75161 | Orc:1    | Bought a potion of curing for 51 gold pieces
 75161 | Orc:1    | Bought a potion of curing for 51 gold pieces
 75386 | Vaults:2 | Bought a potion of curing for 42 gold pieces
 75386 | Vaults:2 | Bought a potion of curing for 42 gold pieces
 75386 | Vaults:2 | Bought a potion of heal wounds for 70 gold pieces
 75386 | Vaults:2 | Bought a potion of curing for 42 gold pieces
 75386 | Vaults:2 | Bought 2 potions of curing for 84 gold pieces
 75386 | Vaults:2 | Bought a potion of might for 56 gold pieces
 75459 | Crypt:1  | Entered Level 1 of the Crypt
 76209 | Crypt:1  | Identified the +0 buckler of Untruth {+Blink} (You found it
                  | on level 1 of the Crypt)
 76501 | Crypt:2  | Found a runed translucent gate.
 76501 | Crypt:2  | Found a runed translucent gate.
 76556 | Crypt:2  | Found an opulent altar of Gozag.
 76558 | Crypt:2  | Noticed Teduw's ghost (veteran MiGl)
 76559 | Crypt:2  | Found a runed translucent gate.
 77352 | Crypt:2  | Got a pitted spear
 77393 | Crypt:2  | Identified the +7 spear of Death {drain, *Drain Str+5
                  | Dex+4} (You found it on level 2 of the Crypt)
 77454 | Crypt:2  | Killed Teduw's ghost
 77928 | Crypt:3  | Entered Level 3 of the Crypt
 78242 | Crypt:3  | Found a staircase to the Tomb.
 78448 | Crypt:3  | Noticed an ancient lich
 78459 | Crypt:3  | Killed an ancient lich
 78498 | Crypt:3  | Identified the +7 hand crossbow of Zauseam {penet, *Drain
                  | rC++ MR+ Str+2}
 79291 | Crypt:3  | Found a shimmering altar of Xom.
 79339 | Crypt:3  | Reached XP level 26. HP: 277/277 MP: 34/34
 79407 | Crypt:3  | Noticed a greater mummy
 79423 | Crypt:3  | Killed a greater mummy
 80482 | Crypt:3  | Identified the ring "Sualosok" {rC+ Stlth+} (You found it
                  | on level 3 of the Crypt)
 80832 | Orc:1    | Bought a manual of Invocations for 1435 gold pieces
 81298 | Vaults:5 | Entered Level 5 of the Vaults
 81328 | Vaults:5 | Identified the +1 dagger of the Thoughtful Friars {vamp,
                  | Str+3}
 81709 | Vaults:5 | Gained mutation: Your magical capacity is low. (-10% MP) [a
                  | shining eye]
 82544 | Vaults:5 | Identified the +9 scimitar "Besamux" {freeze, rElec Int+4}
 82558 | Vaults:5 | Reached skill level 15 in Throwing
 82627 | Vaults:5 | Identified the ring of Tender Moments {+Inv +Fly rPois EV+4
                  | Stlth+}
 82709 | Vaults:5 | Reached XP level 27. HP: 280/280 MP: 32/32
 82750 | Vaults:5 | Identified Sif Muna's Collected Works on the Gliding
                  | Snowflakes
 82756 | Vaults:5 | Identified Giathrylu's Collected Works on Flamy Stolen
                  | Souls
 82772 | Vaults:5 | Got a silver rune of Zot
 85214 | Vaults:2 | Bought a potion of cancellation for 800 gold pieces
 85311 | Vaults:2 | Bought a potion of mutation for 112 gold pieces
 85311 | Vaults:2 | Bought a potion of ambrosia for 112 gold pieces
 85311 | Vaults:2 | Bought a potion of ambrosia for 112 gold pieces
 85564 | Zot:1    | Entered Level 1 of the Realm of Zot
 88257 | Zot:3    | Reached skill level 15 in Bows
 88751 | Zot:3    | Found a runed translucent door.
 88754 | Zot:3    | Noticed Heisao's ghost (legendary TrBe)
 89030 | Zot:3    | Killed Heisao's ghost
 90252 | Zot:3    | Acquired the ring "Waerrerph" {rN+ Dex+6}
 91112 | Zot:5    | Entered Level 5 of the Realm of Zot
 91371 | Zot:5    | Noticed an orb of fire
 91665 | Zot:5    | Noticed an ancient lich
 91671 | Zot:5    | Noticed an ancient lich
 91685 | Zot:5    | Killed an ancient lich
 91685 | Zot:5    | Reached skill level 5 in Stealth
 91691 | Zot:5    | Killed an ancient lich
 91691 | Zot:5    | Noticed an ancient lich
 91692 | Zot:5    | Noticed an ancient lich
 91692 | Zot:5    | Noticed an ancient lich
 91693 | Zot:5    | Noticed an orb of fire
 91891 | Zot:5    | Killed an ancient lich
 91892 | Zot:5    | Killed an orb of fire
 91900 | Zot:5    | Killed an ancient lich
 92145 | Zot:5    | Killed an ancient lich
 92237 | Zot:5    | Noticed an ancient lich
 92246 | Zot:5    | Noticed an ancient lich
 92247 | Zot:5    | Killed an ancient lich
 92247 | Zot:5    | Noticed an orb of fire
 92249 | Zot:5    | Gained mutation: You are frail. (-10% HP) [an orb of fire]
 92258 | Zot:5    | Killed an ancient lich
 92261 | Zot:5    | Gained mutation: You tend to lose your temper in combat.
                  | [an orb of fire]
 92263 | Zot:5    | Killed an orb of fire
 92270 | Zot:5    | Lost mutation: You tend to lose your temper in combat.
                  | [potion of mutation]
 92270 | Zot:5    | Lost mutation: You are frail. (-10% HP) [potion of
                  | mutation]
 92270 | Zot:5    | Lost mutation: Your flesh is cold resistant. (rC+) [potion
                  | of mutation]
 92270 | Zot:5    | Lost mutation: Your magical capacity is low. (-10% MP)
                  | [potion of mutation]
 92270 | Zot:5    | Gained mutation: Your muscles are strong. (Str +2) [potion
                  | of mutation]
 92270 | Zot:5    | Gained mutation: Your system is resistant to poisons.
                  | (rPois) [potion of mutation]
 92270 | Zot:5    | Gained mutation: Your muscles are very strong. (Str +4)
                  | [potion of mutation]
 92282 | Zot:5    | Noticed an ancient lich
 92289 | Zot:5    | Killed an ancient lich
 92330 | Zot:5    | Noticed an orb of fire
 92342 | Zot:5    | Gained mutation: You are agile. (Dex +2) [an orb of fire]
 92345 | Zot:5    | Killed an orb of fire
 92957 | Elf:3    | Bought a wand of digging (2) for 144 gold pieces
 92957 | Elf:3    | Bought a phantom mirror for 360 gold pieces
 92957 | Elf:3    | Bought a wand of clouds (6) for 360 gold pieces
 93478 | Zot:5    | Got the Orb of Zot
 93954 | D:$      | Escaped with the Orb!

Illustrated notes

Levels and vault maps discovered:
D:1:      psy_arrival_basics, layout_loops_ring, minmay_pentomino_p4
D:2:      layout_rooms, grunt_temple_overflow_growth_and_decay, first_ration,
          grunt_ministairs_4, glass_columns_a, st_stairs_5, chequers_garden
D:3:      layout_basic, old_standard_altar, lemuel_doored_altar,
          grunt_temple_overflow_diamond, uniq_robin, uniq_jessica
D:4:      layout_cave_pools, nicolae_ru_awakened_eye, kennysheep_mini_moat
D:5:      layout_rooms, bloody_makhleb, xom_teletrap_fun,
          minmay_temple_entry_ruins, serial_shops, nicolae_shop_behind_doors,
          minmay_fountain_box, nemelex_diamond_rough_becter
D:6:      kennysheep_six_static_rooms, layout_basic, grunt_gozag_statues
D:7:      layout_basic, grunt_livestock, uniq_duvessa
D:8:      layout_loops_cross, kennysheep_mini, serial_shops, shop
D:9:      due_megacathedral, layout_rooms, grunt_lair_entry_orc_guard_hut,
          orc_david_3, uniq_joseph, uniq_erica, uniq_harold
D:10:     layout_irregular_city, serial_shops, shop, shop, shop, basic_altar,
          uniq_erolcha
D:11:     layout_gridville, chequers_big_river, uniq_grum
D:12:     minmay_stepped, layout_rooms, nicolae_lava_and_water, uniq_urug
D:13:     layout_basic, grunt_vaults_entry_tiered, minmay_liquid_box,
          chequers_serial_rivers_large_a, minmay_orc_keep
D:14:     layout_loops_ring, grunt_decor_one_mirror, basic_altar,
          minmay_hidden_floor
D:15:     hangedman_depths_entry_civil_slaughter, layout_rooms, basic_altar,
          small_statue_intersection
Lair:1:   layout_chaotic_city, beast_lair_carwin_10, lemuel_fruit_tree,
          serial_bayou_shore_b
Lair:2:   layout_regular_city, minmay_shoals_entry_hut,
          nicolae_spider_entry_orb_guardian, chequers_serial_rivers_micro_a,
          st_stairs_12, grunt_megastairs_4, serial_bayou_shore_b
Lair:3:   layout_layer_cave, beast_lair_carwin_8, grunt_megastairs_1
Lair:4:   layout_regular_city, uniq_josephine
Lair:5:   layout_misc_corridors, infiniplex_staircase_pool, uniq_sonja
Lair:6:   minmay_lair_end_frog_pond, layout_hall_layers, slime_dummy, uniq_snorg
Shoals:1: layout_shoals, uniq_jorgrun
Shoals:2: layout_shoals
Shoals:3: layout_shoals, ebering_ghost_inner_flame, nicolae_shoals_seven_spires
Shoals:4: shoals_end_hangedman, layout_shoals, nicolae_shoals_drake_roost,
          uniq_bai_suzhen
Spider:1: layout_spider_delve, nicolae_looking_at_the_future
Spider:2: layout_spider_delve, drop_trap
Spider:3: layout_spider_delve
Spider:4: spider_rune_water
Orc:1:    layout_caves, serial_shops, shop, shop, shop, nicolae_shop_stone,
          nicolae_shop_trees, nicolae_orc_rockfall
Orc:2:    st_orc_congregation, layout_diamond_mine, basic_altar,
          gauntlet_entry_generic, small_statue_alley_c, rock_pile
Elf:1:    minmay_elf_arrival_circle, layout_onion_city, minmay_elf_annihilation
Elf:2:    layout_geoelf_octagon
Elf:3:    elf_hall_gauntlet_narrow, layout_gridlike, minmay_shop_grove
Vaults:1: v_misc_26, ontoclasm_vaults_claustrophobia,
          grunt_vaults_hallway_short, nicolae_vaults_mini_display_case,
          vaults_dpeg_diagonal, v_pattern_5, nicolae_vaults_network_periphery,
          ontoclasm_vaults_ring_small, v_misc_28, hangedman_vaults_slice,
          ontoclasm_vaults_twist, layout_vaults_big_room, serial_shops,
          bzr_entry_lakeside
Vaults:2: gammafunk_vaults_ghost_crypt, nicolae_vaults_specimen_jars,
          v_pattern_1, vaults_mumra_minichess, kennysheep_vaults_gozag_temple,
          v_misc_3, grunt_vaults_hallway_short, vaults_dpeg_ring,
          layout_vaults_omnigrid, serial_shops, nicolae_shop_statue_plus
Vaults:3: hangedman_vaults_corner, vaults_mumra_chevron_long,
          nicolae_vaults_twisting_passages, v_pattern_3, v_misc_26,
          nicolae_vaults_network_quincunx
          [nicolae_vaults_network_quincunx_subvault,
          nicolae_vaults_network_quincunx_subvault,
          nicolae_vaults_network_quincunx_subvault,
          nicolae_vaults_network_quincunx_subvault,
          nicolae_vaults_network_quincunx_subvault], vaults_room_grid,
          ontoclasm_vaults_ring_large, nicolae_vaults_rhombus_7,
          nicolae_vaults_rhombus_6, v_misc_26, nicolae_vaults_statue_guard,
          layout_vaults_maze_bifur, dummy_crypt_entry, serial_shops,
          bzr_entry_islet, uniq_saint_roka
Vaults:4: nicolae_vaults_yaktaur_gun_rack, v_misc_15, hangedman_vaults_hat,
          grunt_vaults_diagonal, hangedman_vaults_river_flow, v_misc_2,
          v_misc_2, vaults_room_pool, v_misc_23, ontoclasm_vaults_eye,
          vaults_room_grid, v_misc_17, ontoclasm_vaults_decontamination,
          ontoclasm_vaults_loading_screen, nicolae_vaults_little_ls,
          layout_vaults_ring, uniq_boris, uniq_mara, uniq_margery
Vaults:5
Crypt:1:  layout_basic, eino_tiny_chamber
Crypt:2:  layout_gridlike, ebering_ghost_gozag, lemuel_freeze_loot_1
Crypt:3:  church_of_pain_bobbens, layout_chaotic_city
Depths:1: layout_gridville, serial_bayou, serial_bayou_lagoon_b,
          serial_bayou_pond_e, serial_bayou_pond_d, serial_bayou_crossing,
          hellmouth_1, minmay_door_square, dpeg_stationary_puzzle
Depths:2: kennysheep_large_vault, layout_cross, grunt_hell_entry_dis_mu,
          nrook_pool_corridor
Depths:3: gammafunk_depths_water_palace, layout_basic, enter_ziggurat_f,
          pan_entry, dk_noncrumbling_3, hell_entry
Depths:4: minmay_the_grid_octo_tiled_octocenter_mashed
          [minmay_the_grid_octo_thin_diamonds, minmay_the_grid_octo_focus,
          minmay_the_grid_octo_checkerflower, minmay_the_grid_octo_concentric,
          minmay_the_grid_octo_prize_star, minmay_the_grid_square_5x5_corner,
          minmay_the_grid_square_5x5_bite, minmay_the_grid_square_5x5_meh,
          minmay_the_grid_square_5x5_detours], layout_honeycomb,
          minmay_room_of_horrors, hell_entry
Depths:5: grunt_crosshair, layout_cave_pools, nicolae_benzene_ring, pan_entry,
          hell_entry, eino_small_chamber_without_monster,
          nrook_kobold_shadow_demons, uniq_mennas
Zot:1:    layout_basic, grunt_megastairs_3
Zot:2:    layout_onion_interference
Zot:3:    layout_gridlike, gammafunk_ghost_grave
Zot:4:    layout_onion_interference
Zot:5:    layout_twisted_circle, nrook_zot_tub

Skill      XL: |  1  2  3  4  5  6  7  8  9 10 11 12 13 14 15 16 17 18 19 20 21 22 23 24 25 26 27 |
---------------+----------------------------------------------------------------------------------+-----
Long Blades    | 3 5 7 8 9 10 12 13 14 15 17 19 22 24 26 | 26.8
Fighting       | 4 5 6 7 8 9 10 11 13 15 18 19 20 21 22 23 24 26 27 | 27.0
Armour         | 4 5 6 7 8 10 12 13 14 16 17 18 19 20 23 | 23.0
Invocations    | 1 2 4 6 7 8 10 11 12 13 14 15 16 19 20 | 20.2
Throwing       | 1 2 3 6 8 10 11 12 13 15 16 | 16.0
Evocations     | 1 2 4 6 |  6.0
Dodging        | 1 3 5 7 8 9 11 12 13 14 17 18 22 | 22.3
Short Blades   | 1 5 |  5.6
Bows           | 1 7 10 12 13 14 15 | 15.0
Stealth        | 2 5 |  5.0
Shields        | |  3.6

Action                   |  1- 3 |  4- 6 |  7- 9 | 10-12 | 13-15 | 16-18 | 19-21 | 22-24 | 25-27 || total
-------------------------+-------+-------+-------+-------+-------+-------+-------+-------+-------++-------
Melee: Long sword        |    41 |   186 |   285 |     4 |       |       |       |       |       ||   516
       Headbutt          |     7 |    41 |    55 |   132 |   261 |   289 |   347 |   344 |   526 ||  2002
       Scimitar          |       |       |       |   458 |   778 |   791 |   778 |   248 |     9 ||  3062
       Double sword      |       |       |       |       |       |       |    59 |   216 |   386 ||   661
       Great sword       |       |       |       |       |       |       |     4 |   276 |   122 ||   402
       Triple sword      |       |       |       |       |       |       |       |    99 |   692 ||   791
 Fire: Shortbow          |       |       |       |       |   418 |  1127 |  1189 |  1045 |  1142 ||  4921
Throw: Stone             |    10 |       |    19 |       |       |       |       |       |       ||    29
       Dart              |       |       |    12 |   174 |   119 |     4 |     2 |     1 |       ||   312
       Javelin           |       |       |       |     1 |     3 |       |    15 |     6 |    42 ||    67
       Boomerang         |       |       |       |       |    82 |     5 |       |       |       ||    87
       Throwing net      |       |       |       |       |       |       |       |       |     1 ||     1
Invok: Wall of Briars    |       |       |     2 |    19 |    14 |     9 |     3 |     2 |     2 ||    51
       Grow Ballistomyce |       |       |       |     5 |    17 |    14 |     3 |       |     2 ||    41
       Overgrow          |       |       |       |       |     1 |     6 |     3 |     5 |     4 ||    19
       Grow Oklob        |       |       |       |       |       |       |     3 |     2 |       ||     5
 Abil: Evoke Blink       |       |       |       |       |       |       |       |       |     1 ||     1
Evoke: Wand              |       |       |       |     3 |    25 |     3 |     2 |     6 |     4 ||    43
       Phial of floods   |       |       |       |       |     1 |       |       |       |       ||     1
       Tin of tremorston |       |       |       |       |     3 |       |       |       |       ||     3
       Box of beasts     |       |       |       |       |       |       |     3 |       |     2 ||     5
  Use: Scroll            |     2 |     3 |    10 |     9 |    18 |    15 |    10 |    11 |    25 ||   103
       Potion            |       |     4 |     2 |     2 |     7 |    10 |     7 |     4 |    15 ||    51
 Stab: Invisible         |       |     1 |     3 |     3 |       |     3 |       |       |     1 ||    11
       Confused          |       |       |       |     2 |     9 |     2 |     5 |       |       ||    18
       Paralysed         |       |       |       |       |     1 |       |       |       |       ||     1
       Sleeping          |       |       |       |       |       |     5 |       |       |     1 ||     6
       Distracted        |       |       |       |       |       |       |     3 |     3 |       ||     6
       Held in net/web   |       |       |       |       |       |       |       |       |     1 ||     1
  Eat: Chunk             |       |     7 |     9 |    14 |    35 |    31 |    31 |    22 |     5 ||   154
       Ration            |       |       |     3 |     2 |     3 |    10 |     5 |     5 |    20 ||    48
Armor: Scale mail        |    24 |   103 |   125 |    72 |     3 |     6 |       |       |       ||   333
       Chain mail        |       |       |       |   134 |   370 |   533 |   409 |   525 |   641 ||  2612
Dodge: Dodged            |    24 |    91 |   123 |   286 |   524 |   889 |   667 |   806 |  1115 ||  4525
       Rpst.: Long sword |     4 |    23 |    38 |       |       |       |       |       |       ||    65
       Scimitar          |       |       |       |    65 |    96 |   120 |    98 |    27 |     3 ||   409
       Great sword       |       |       |       |       |       |       |     3 |    35 |    19 ||    57
       Double sword      |       |       |       |       |       |       |     6 |    30 |    52 ||    88
       Triple sword      |       |       |       |       |       |       |       |    16 |   117 ||   133
